 Dungeon Crawl Stone Soup version 0.31-a0-431-g88bdf31460 (webtiles) character file.

Game seed: 7775611689881507300

22170 Newt the Covert (level 13, -14/78 HPs)
             Began as a Kobold Hunter on July 30, 2023.
             Was a Priest of Okawaru.
             Demolished by a vault guard
             ... wielding a +3 great mace of protection
              (21 damage)
             ... on level 14 of the Dungeon on July 31, 2023.
             The game lasted 00:17:15 (12424 turns).

Newt the Covert (Kobold Hunter)                    Turns: 12424, Time: 00:17:15

Health: -14/78     AC: 11    Str: 18    XL:     13   Next: 25%
Magic:  0/13       EV: 19    Int: 19    God:    Okawaru [***...]
Gold:   883        SH: 15    Dex: 30    Spells: 12/12 levels left

rFire   . . .        j - +9 hand axe "Qamirch" {heavy, Contam Will+ Dex+4}
rCold   x . .        A - +2 kite shield
rNeg    . . .        H - +1 acid dragon scales of Tulips {rElec rC- Regen+ rCorr Int+5}
rPois   .            (no helmet)
rElec   +            (no cloak)
rCorr   +            o - +1 pair of gloves of Dudelir Hock {Will+ Int+4 Dex+6}
SInv    +            r - +0 pair of boots
Will    ++...        d - amulet of guardian spirit Stlth *+++++++++
                     Q - ring of Shadows {Umbra +Inv Stlth+}
HPRegen 1.13/turn    T - ring "Yduoqa" {Str+6 Slay+3 SInv}
MPRegen 0.13/turn

%: guardian spirit
@: wreathed by umbra
A: small, no large weapons, nightstalker 3
a: Renounce Religion, Evoke Invisibility, Heroism


You were on level 14 of the Dungeon.
You worshipped Okawaru.
Okawaru was most pleased with you.
You visited 2 branches of the dungeon, and saw 15 of its levels.
You also visited: Trove.

You collected 883 gold pieces.

Inventory:

Hand Weapons
 a - a +1 shortbow
 j - the +9 hand axe "Qamirch" (weapon) {heavy, Contam Will+ Dex+4}
   (You found it on level 2 of the Dungeon)

   Dex:       It affects your dexterity (+4).
   Contam:    It causes magical contamination when unequipped.
   Will:      It increases your willpower.
Missiles
 L - 5 boomerangs
Armour
 m - +0 pearl dragon scales
 o - the +1 pair of gloves of Dudelir Hock (worn) {Will+ Int+4 Dex+6}
   (You found it on level 3 of the Dungeon)

   Int:       It affects your intelligence (+4).
   Dex:       It affects your dexterity (+6).
   Will:      It increases your willpower.
 r - a +0 pair of boots (worn)
 A - a +2 kite shield (worn)
 H - the +1 acid dragon scales of Tulips (worn) {rElec rC- Regen+ rCorr Int+5}
   (Okawaru gifted it to you on level 9 of the Dungeon)

   Int:       It affects your intelligence (+5).
   rC:        It makes you vulnerable to cold.
   rElec:     It insulates you from electricity.
   Regen:     It increases your rate of health regeneration.
   rCorr:     It protects you from acid and corrosion.
Jewellery
 d - an amulet of guardian spirit (around neck)
 F - an amulet of faith
 I - a ring of positive energy
 O - a ring of protection from cold
 Q - the ring of Shadows (left hand) {Umbra +Inv Stlth+}
   (You found it in a treasure trove)

   [ring of stealth]

   Umbra:     It surrounds you with an aura of shadow, increasing your stealth
   and reducing the accuracy of all others within it.
   +Inv:      It lets you turn invisible.
   Stlth:     It makes you more stealthy.
 R - a +4 ring of slaying
 T - the ring "Yduoqa" (right hand) {Str+6 Slay+3 SInv}
   (You found it in a treasure trove)

   [ring of strength]

   Str:       It affects your strength (+6).
   Slay:      It affects your accuracy & damage with ranged weapons and melee
   (+3).
   SInv:      It lets you see invisible.
 U - the ring of Impatience {rPois rN++ Will+ rCorr Str-2}
   (You found it in a treasure trove)

   [ring of willpower]

   Str:       It affects your strength (-2).
   rPois:     It protects you from poison.
   rN:        It greatly protects you from negative energy.
   rCorr:     It protects you from acid and corrosion.
   Will:      It increases your willpower.
 V - a ring of see invisible
 X - a ring of willpower
 Y - the ring "Jireuneo" {Fly rElec rPois}
   (You found it in a treasure trove)

   [ring of flight]

   rElec:     It insulates you from electricity.
   rPois:     It protects you from poison.
   Fly:       It grants you flight.
Wands
 l - a wand of digging (6)
 v - a wand of flame (52)
 C - a wand of polymorph (7)
 G - a wand of mindburst (22)
 N - a wand of iceblast (4)
Scrolls
 b - 6 scrolls of noise
 i - 3 scrolls of amnesia
 n - 4 scrolls of enchant weapon
 p - a scroll of silence {unknown}
 y - 3 scrolls of fog {unknown}
 B - a scroll of revelation {unknown}
 J - a scroll of teleportation
 K - a scroll of fear {unknown}
 M - 4 scrolls of identify
Potions
 c - 2 potions of degeneration {unknown}
 e - 9 potions of curing
 f - a potion of enlightenment
 g - a potion of lignification
 h - 2 potions of invisibility
 k - a potion of ambrosia
 s - 2 potions of brilliance
 t - a potion of might
 u - a potion of resistance
 w - a potion of heal wounds
 z - 2 potions of magic
 D - 2 potions of cancellation
 E - a potion of haste {unknown}
Miscellaneous
 x - a lightning rod (4/4)


   Skills:
 - Level 8.0 Fighting
 - Level 11.4 Axes
 - Level 5.3 Ranged Weapons
 + Level 4.0 Armour
 - Level 6.0 Dodging
 - Level 12.0 Stealth
 - Level 6.0 Shields
 - Level 9.0 Evocations


You had 12 spell levels left.
You didn't know any spells.
Your spell library contained the following spells:

 Spells                   Type           Power      Damage    Failure   Level
 Foxfire                  Conj/Fire      0%         2x1d4     54%         1
 Slow                     Hex            0%         N/A       54%         1
 Sting                    Tmut/Pois      0%         1d3       54%         1
 Blink                    Tloc           0%         N/A       67%         2
 Lesser Beckoning         Tloc           0%         N/A       67%         2
 Poisonous Vapours        Pois/Air       0%         N/A       67%         2
 Confusing Touch          Hex            0%         N/A       88%         3
 Frozen Ramparts          Ice            0%         1d1       88%         3
 Gell's Gravitas          Tloc           0%         N/A       88%         3
 Hailstorm                Conj/Ice       0%         3d3       88%         3
 Inner Flame              Hex/Fire       0%         N/A       88%         3
 Mephitic Cloud           Conj/Pois/Air  0%         N/A       88%         3
 Portal Projectile        Hex/Tloc       0%         N/A       88%         3
 Teleport Other           Tloc           0%         N/A       88%         3
 Vampiric Draining        Necr           0%         2d6       88%         3
 Vhi's Electric Charge    Tloc/Air       0%         N/A       88%         3
 Anguish                  Hex/Necr       0%         N/A       99%         4
 Cause Fear               Hex            0%         N/A       99%         4
 Flame Wave               Conj/Fire      0%         2d4       99%         4
 Iskenderun's Mystic Bla  Conj/Tloc      0%         2d3       99%         4
 Manifold Assault         Tloc           0%         N/A       99%         4
 Olgreb's Toxic Radiance  Pois           0%         N/A       99%         4
 Petrify                  Tmut/Erth      0%         N/A       99%         4
 Sticky Flame             Conj/Fire      0%         2d3       99%         4
 Freezing Cloud           Conj/Ice/Air   0%         6-21      100%        5
 Metabolic Englaciation   Hex/Ice        0%         N/A       100%        5
 Dispersal                Tloc           0%         N/A       100%        6
 Plasma Beam              Fire/Air       0%         2x1d10    100%        6
 Starburst                Conj/Fire      0%         6d3       100%        6
 Enfeeble                 Hex            0%         N/A       100%        7
 Summon Small Mammal      Summ           Unusable   N/A       N/A         1
 Call Canine Familiar     Summ           Unusable   N/A       N/A         3
 Summon Guardian Golem    Hex/Summ       Unusable   N/A       N/A         3
 Tukima's Dance           Hex            Unusable   N/A       N/A         3
 Summon Ice Beast         Ice/Summ       Unusable   N/A       N/A         4
 Simulacrum               Ice/Necr       Unusable   N/A       N/A         6

Dungeon Overview and Level Annotations

Branches:
Dungeon (14/15)            Temple (1/1) D:5            Lair (0/5) D:9
    Orc (0/2) D:9          Vaults (0/5) D:14

Altars:
Ashenzari
Cheibriados
Dithmenos
Elyvilon
Fedhas
Gozag
Hepliaklqana
Kikubaaqudgha
Makhleb
Nemelex Xobeh
Okawaru
Qazlal
Ru
Sif Muna
Trog
Uskayaw
Vehumet
Wu Jian
Xom
Yredelemnul
Zin
The Shining One

Shops:
D:2 (


Innate Abilities, Weirdness & Mutations

You are small and have problems with some larger weapons.
You are completely attuned to the shadows.


Message History

The brown ugly thing tail-slaps you.
You are splashed with acid.
You resist.
You closely miss the brown ugly thing.
The brown ugly thing is heavily wounded.
You block the brown ugly thing's attack.
You slice the brown ugly thing!!
The brown ugly thing is severely wounded.
You block the brown ugly thing's attack.
You barely miss the brown ugly thing.
The brown ugly thing is severely wounded.
The brown ugly thing tail-slaps you!
You are splashed with acid.
You resist.
* * * LOW HITPOINT WARNING * * *
You slash the brown ugly thing!
The brown ugly thing is almost dead.
You block the brown ugly thing's attack.
You slice the brown ugly thing!!
You kill the brown ugly thing!
Okawaru accepts your kill.
Base training target 12.0 for Stealth reached!
Your base Stealth skill increases to level 12!
You need to enable at least one skill for training.
Unknown command.
You slice the vault guard!!
The vault guard is heavily wounded.
You block the vault guard's attack.
You slash the vault guard!
The vault guard is severely wounded.
You block the vault guard's attack.
You completely miss the vault guard.
The vault guard is severely wounded.
You block the vault guard's attack.
You slash the vault guard!
The vault guard is almost dead.
You feel like a meek peon again.
The vault guard hits you with a +3 great mace of protection!!
* * * LOW HITPOINT WARNING * * *
You barely miss the vault guard.
The vault guard is almost dead.
You block the vault guard's attack.
The vault guard hits you with a +3 great mace of protection!!
You die...

#...p.# ##+#### ##'##
#.....# #.#.## ##...##
#.....# #....####.....#
#.....# #.#...##.......
#.....###.#.....W......
#.....+.°E...u....##.##
#.##.....###.#########
## #.##...).@pu.#
#.##.######### #.##.#
#.##.#### #...[....
#........ #.........
#......... #.##......


You could see a vault guard and a cyan ugly thing.

Vanquished Creatures
  Nessos (D:13)
  Erica (D:8)
  5 two-headed ogres
  A boulder beetle (D:14)
  Pikel (D:8)
  2 deep elf pyromancers
  2 manticores (D:8)
  A cyclops (D:13)
  3 ugly things
  Maurice (D:13)
  Joseph (D:9)
  2 gargoyles
  4 kobold demonologists
  2 trolls
  Prince Ribbit (D:8)
  Sigmund (D:2)
  A shadow (D:13)
  10 slime creatures
  14 yaks
  Eustachio (D:6)
  10 vampire mosquitoes
  2 wargs (D:9)
  An acid dragon (D:11)
  2 water moccasins
  6 orc warriors
  A sky beast (D:7)
  An ice beast (D:6)
  A black bear (D:6)
  9 centaurs
  A lemure (D:8)
  A phantom (D:5)
  7 kobold brigands
  3 bullfrogs
  A gnoll sergeant (D:11)
  4 scorpions
  11 wights
  16 killer bees
  6 howler monkeys
  3 hounds
  9 orc priests
  2 jellies
  Jessica (D:2)
  5 iguanas
  8 orc wizards
  5 gnolls
  9 adders
  A shadow imp (D:6)
  A white imp (D:8)
  A worm (D:4)
  2 dart slugs
  58 orcs
  11 ball pythons
  4 endoplasms
  5 giant cockroaches
  5 goblins
  11 hobgoblins
  21 kobolds
  2 quokkas
  6 bats
  3 frilled lizards
  10 rats
321 creatures vanquished.

Notes
Turn   | Place    | Note
-------+----------+-------------------------------------------
     0 | D:1      | Newt the Kobold Hunter began the quest for the Orb.
     0 | D:1      | Reached XP level 1. HP: 12/12 MP: 1/1
   177 | D:1      | Reached XP level 2. HP: 18/18 MP: 2/2
   414 | D:1      | Reached XP level 3. HP: 21/24 MP: 1/3
  1020 | D:2      | Identified the +9 hand axe "Qamirch" {heavy, Contam Will+
                  | Dex+4}
  1055 | D:2      | Found Fizxad's Weapon Shop.
  1093 | D:2      | Noticed Jessica
  1100 | D:2      | Killed Jessica
  1101 | D:2      | Reached XP level 4. HP: 18/30 MP: 2/4
  1219 | D:2      | Noticed Sigmund
  1226 | D:2      | Reached skill level 5 in Fighting
  1228 | D:2      | Killed Sigmund
  1229 | D:2      | Reached XP level 5. HP: 32/35 MP: 3/5
  1229 | D:2      | Reached XP level 6. HP: 37/40 MP: 3/6
  1776 | D:3      | Identified the +1 pair of gloves of Dudelir Hock {Will+
                  | Int+4 Dex+6}
  2226 | D:3      | Got Hyn Awaw's Teachings on the Windy Spider
  2821 | D:4      | Reached XP level 7. HP: 44/44 MP: 7/7
  3385 | D:5      | Entered Level 5 of the Dungeon
  3415 | D:5      | Found a staircase to the Ecumenical Temple.
  3538 | D:5      | Reached skill level 5 in Axes
  3779 | D:5      | Reached XP level 8. HP: 48/49 MP: 6/8
  4016 | D:5      | Reached skill level 5 in Dodging
  4529 | Temple   | Entered the Ecumenical Temple
  4585 | Temple   | Became a worshipper of Warmaster Okawaru
  4840 | D:6      | Reached XP level 9. HP: 53/56 MP: 9/9
  5278 | D:6      | Noticed Eustachio
  5302 | D:6      | Killed Eustachio
  5302 | D:6      | Reached * piety under Okawaru
  5303 | D:6      | Reached skill level 1 in Armour
  5924 | D:7      | Reached skill level 1 in Evocations
  6345 | D:8      | Noticed Erica
  6357 | D:8      | Reached ** piety under Okawaru
  6367 | D:8      | HP: 1/59 [Erica/bolt of poison (12)]
  6372 | D:8      | Killed Erica
  6373 | D:8      | Reached skill level 5 in Evocations
  6373 | D:8      | Reached XP level 10. HP: 11/64 MP: 0/10
  6715 | D:8      | Noticed Prince Ribbit
  6716 | D:8      | Noticed a manticore
  6719 | D:8      | Reached *** piety under Okawaru
  6725 | D:8      | Killed a manticore
  6730 | D:8      | Noticed a manticore
  6738 | D:8      | Killed Prince Ribbit
  6750 | D:8      | Killed a manticore
  6750 | D:8      | Reached **** piety under Okawaru
  7014 | D:8      | Noticed Pikel
  7020 | D:8      | Killed Pikel
  7209 | D:8      | Reached XP level 11. HP: 68/68 MP: 11/11
  7458 | D:9      | Found a staircase to the Orcish Mines.
  7544 | D:9      | Found a staircase to the Lair.
  7672 | D:9      | Found a glowing silver altar of Zin.
  7674 | D:9      | Noticed a two-headed ogre
  7682 | D:9      | Killed a two-headed ogre
  7682 | D:9      | Reached ***** piety under Okawaru
  7683 | D:9      | Reached skill level 5 in Shields
  7862 | D:9      | Noticed Joseph
  7872 | D:9      | Killed Joseph
  8057 | D:9      | Noticed a sun demon
  8060 | D:9      | Noticed a soul eater
  8060 | D:9      | Identified the +1 acid dragon scales of Tulips {rElec rC-
                  | Regen+ rCorr Int+5} (Okawaru gifted it to you on level 9 of
                  | the Dungeon)
  8060 | D:9      | Received a gift from Okawaru
  8462 | D:10     | Entered Level 10 of the Dungeon
  9558 | D:10     | Upgraded the game from 0.31-a0-426-g3a05650e59 to
                  | 0.31-a0-431-g88bdf31460
  9640 | D:11     | Reached XP level 12. HP: 69/73 MP: 10/12
 10030 | D:11     | Reached skill level 10 in Axes
 10139 | D:11     | Noticed a two-headed ogre
 10150 | D:11     | Killed a two-headed ogre
 10198 | D:11     | Noticed a two-headed ogre
 10207 | D:11     | Killed a two-headed ogre
 10232 | D:11     | Found a portal to a secret trove of treasure.
 10258 | Trove    | Entered a treasure trove
 10262 | Trove    | Found the ring of Shadows {Umbra +Inv Stlth+}
 10275 | Trove    | Identified the ring "Yduoqa" {Str+6 Slay+3 SInv}
 10277 | Trove    | Identified the ring of Impatience {rPois rN++ Will+ rCorr
                  | Str-2}
 10281 | Trove    | Identified the ring "Zufeosiz" {rC- rN++ EV+5}
 10285 | Trove    | Identified the ring "Jireuneo" {Fly rElec rPois}
 10307 | Trove    | Identified the ring of the Final Chapter {Str+3 Int+3
                  | Dex+6}
 10826 | D:12     | Noticed a two-headed ogre
 10833 | D:12     | Killed a two-headed ogre
 11187 | D:12     | Reached skill level 2 in Stealth
 11194 | D:12     | Reached skill level 3 in Stealth
 11195 | D:12     | Reached skill level 4 in Stealth
 11292 | D:12     | Reached skill level 5 in Stealth
 11313 | D:12     | Noticed a two-headed ogre
 11317 | D:12     | Killed a two-headed ogre
 11318 | D:12     | Reached skill level 6 in Stealth
 11351 | D:12     | Reached skill level 7 in Stealth
 11586 | D:13     | Reached skill level 8 in Stealth
 11615 | D:13     | Noticed Maurice
 11625 | D:13     | Reached XP level 13. HP: 72/78 MP: 11/13
 11630 | D:13     | Killed Maurice
 11631 | D:13     | Reached skill level 9 in Stealth
 11634 | D:13     | Identified the +5 ring mail of Fiqukk {Contam Fly Dex+3}
 11648 | D:13     | Noticed Nessos
 11656 | D:13     | Killed Nessos
 11657 | D:13     | Reached skill level 10 in Stealth
 12273 | D:14     | Reached skill level 11 in Stealth
 12384 | D:14     | Noticed a vault guard
 12384 | D:14     | Noticed an eight-headed hydra
 12385 | D:14     | Found a gate to the Vaults.
 12385 | D:14     | Noticed a vault guard
 12385 | D:14     | Noticed a vault guard
 12420 | D:14     | Reached skill level 12 in Stealth
 12424 | D:14     | Demolished by a vault guard

Illustrated notes

Levels and vault maps discovered:
D:1:      matt_arrival_spirals, layout_basic, supply_closet_lemuel,
          minmay_misc_feat_plants
D:2:      layout_rooms, serial_shops, shop, uniq_jessica, uniq_sigmund
D:3:      layout_basic, minmay_randomly_rotated_circles
D:4:      layout_gridville, saegor_snake_ambush
D:5:      layout_layer_cave, minmay_temple_entry_hall
D:6:      layout_basic, amcnicky_mini_corridor_feature, kennysheep_potato,
          uniq_eustachio
D:7:      layout_loops_cross
D:8:      kennysheep_blocky_room, layout_cave_pools, uniq_erica, uniq_pikel,
          uniq_prince_ribbit1
D:9:      layout_roguey, old_standard_altar, erik_lair_orcish_takeover,
          hiddenorc2_lemuel, uniq_joseph
D:10:     layout_gridville, minmay_starry_boxes
D:11:     layout_loops_ring, nicolae_trove_entry_crossroad
D:12:     layout_long_grid
D:13:     layout_cross, serial_rivers, chequers_serial_rivers_micro_d,
          chequers_serial_rivers_small_3, chequers_serial_rivers_large_b,
          chequers_serial_rivers_room_a, chequers_serial_rivers_micro_a,
          chequers_serial_rivers_micro_d, gammafunk_ghost_grave, uniq_maurice,
          uniq_nessos
D:14:     layout_basic, lightli_vaults_fourway_checkpoint, serial_glass,
          glass_columns_a, glass_columns_b, nicolae_wu_jian_immortal_techniques,
          uniq_rupert
Temple:   mainiacjoe_temple_circle_huts

Skill      XL: |  1  2  3  4  5  6  7  8  9 10 11 12 13 |
---------------+----------------------------------------+-----
Fighting       | 3 4 5 6 8 |  8.0
Axes           | 3 4 5 6 7 9 11 | 11.4
Dodging        | 6 |  6.0
Armour         | 4 |  4.0
Evocations     | 5 9 |  9.0
Shields        | 3 6 |  6.0
Stealth        | 8 12 | 12.0
Ranged Weapons | |  5.3

Action                     |  1- 3 |  4- 6 |  7- 9 | 10-12 | 13-15 || total
---------------------------+-------+-------+-------+-------+-------++-------
  Melee: Hand axe          |     8 |    83 |   199 |   434 |    75 ||   799
         Punch             |       |     1 |     2 |       |       ||     3
   Fire: Shortbow          |    47 |       |       |       |       ||    47
 Invoke: Heroism           |       |       |       |     2 |     2 ||     4
    Use: Scroll            |       |     3 |    10 |     3 |     2 ||    18
         Potion            |       |       |     4 |     6 |     1 ||    11
   Stab: Sleeping          |     4 |    15 |     6 |    10 |     3 ||    38
         Distracted        |       |     1 |     2 |     3 |     1 ||     7
 Armour: Leather armour    |     3 |     4 |       |       |       ||     7
         Pearl dragon scal |       |    25 |   103 |    81 |       ||   209
         Acid dragon scale |       |       |       |    29 |    11 ||    40
  Dodge: Dodged            |    11 |    52 |   270 |   358 |    44 ||   735
  Block: Kite shield       |       |       |       |   378 |    71 ||   449

Table legend: (Time is in decaauts)
 A = Elapsed time spent in this place.
 B = Non-inter-level travel time spent in this place.
 C = Inter-level travel time spent in this place.
 D = Time resting spent in this place.
 E = Time spent auto-exploring this place.
 F = Levels seen in this place.
 G = Mean time per level.
                   A        B        C        D        E       F      G
               +--------+--------+--------+--------+--------+-----+--------+
         Total |  12798 |  12322 |    476 |   1315 |   8891 |  16 |  799.9 |
       Dungeon |  12671 |  12262 |    409 |   1315 |   8872 |  14 |  905.1 |
        Temple |     68 |      1 |     67 |      0 |      0 |   1 |   68.0 |
         Trove |     57 |     57 |      0 |      0 |     19 |   1 |   57.0 |
               +--------+--------+--------+--------+--------+-----+--------+

Top non-repeatable levels by time:
     D:5: 1200 daAuts
    D:10: 1182 daAuts
     D:8: 1145 daAuts
     D:4: 1137 daAuts
     D:9: 1073 daAuts
     D:1: 1002 daAuts
     D:6: 987 daAuts
    D:11: 981 daAuts
    D:12: 921 daAuts
     D:3: 795 daAuts
     D:7: 780 daAuts
     D:2: 547 daAuts
    D:13: 536 daAuts
    D:14: 378 daAuts
  Temple: 68 daAuts
